 Dungeon Crawl Stone Soup version 0.31-a0-188-g5e087ee2ca (webtiles) character file.

Game seed: 1885570629988199660

49 qw the Shooter (level 3, 0/20 HPs)
             Began as a Deep Elf Hunter on June 23, 2023.
             Succumbed to their own poison gas
             ... on level 3 of the Dungeon.
             The game lasted 00:00:19 (915 turns).

qw the Shooter (Deep Elf Hunter)                     Turns: 915, Time: 00:00:20

Health: 0/20       AC:  6    Str: 10    XL:     3   Next: 51%
Magic:  5/5        EV:  9    Int: 13    God:
Gold:   35         SH:  0    Dex: 18    Spells: 2/2 levels left

rFire   . . .        Y - +0 shortbow
rCold   . . .        (shield currently unavailable)
rNeg    . . .        a - +0 scale mail
rPois   .            (no helmet)
rElec   .            (no cloak)
rCorr   .            (no gloves)
SInv    .            (no boots)
Will    .....        (no amulet)
Stlth   +            (no ring)
HPRegen 0.23/turn    (no ring)
MPRegen 0.09/turn

%: no passive effects
@: lethally poisoned (0 -> -5)
A: no striking features
a: no special abilities


You were on level 3 of the Dungeon.
You visited 1 branch of the dungeon, and saw 3 of its levels.

You collected 35 gold pieces.


   Skills:
 - Level 1.5 Fighting
 + Level 7.0 Ranged Weapons
 - Level 2.4 Dodging
 - Level 1.2 Stealth


You had 2 spell levels left.
You didn't know any spells.
Your spell library was empty.

Inventory:

Hand Weapons
 Y - a +0 shortbow (weapon)
Armour
 a - a +0 scale mail (worn)
Potions
 d - a potion of attraction {unknown}

Dungeon Overview and Level Annotations

Branches:
Dungeon (3/15)

Altars:


Message History

You shoot an arrow.
The arrow closely misses the giant cockroach.
The giant cockroach barely misses you.
You shoot an arrow. The arrow hits the giant cockroach.
The giant cockroach is almost dead.
The giant cockroach bites you.
You shoot an arrow. The arrow hits the giant cockroach.
You kill the giant cockroach!
You start resting.
HP restored.
902 ||| UPGRADING to +0 scale mail.
You start putting on your armour.
You continue putting on your +0 scale mail. x4
You finish putting on your +0 scale mail.
907 ||| DROPPING +0 leather armour.
You drop a +0 leather armour.
908 ||| READING scroll labelled FEIDYL JIEZ.
The air fills with toxic fumes!
As you read the scroll labelled FEIDYL JIEZ, it crumbles to dust.
It was a scroll of poison.
(D) Dungeon
Where to? (* - list waypoints, Enter - D:2, ? - help)
What level of the Dungeon? (default 1, ? - help) Sorry, I don't know how to get there.
Really walk into that cloud of poison gas?
You are engulfed in poison gas.
You are lethally poisoned!
You feel very sick.
910 ||| Stepping ~*~*~tactically~*~*~ (cloud).
You feel very sick.
You see here a +0 leather armour.
There is a lethal amount of poison in your body!
You feel very sick.
There is a lethal amount of poison in your body!
You feel very sick.
There is a lethal amount of poison in your body!
You feel sick.
There is a lethal amount of poison in your body!
You feel sick.
There is a lethal amount of poison in your body!
You die...

#.##.###########.# #.##.# #.#
##.##.###########.#
####.>.......¤...¤¤¤.#####.#.
.............00..0¤..........
...#####.#####¤##¤#..#####.##
##.# #.# ¤0..¤0....0......
#.# #.###¤#¤#0##¤¤¤¤....##
#.# #.¤¤¤¤¤¤¤@¤0¤¤####### #.#
#####¤#¤#¤##### #.# ¤¤..¤#
#.# ¤¤¤.¤### #.# #0##### #.#
#


There were no monsters in sight!

Vanquished Creatures
  2 adders (D:2)
  5 endoplasms
  3 giant cockroaches
  3 goblins
  2 kobolds (D:1)
  3 quokkas (D:1)
  2 ball pythons
  A bat (D:1)
  3 frilled lizards (D:1)
  5 rats
29 creatures vanquished.

Notes
Turn   | Place    | Note
-------+----------+-------------------------------------------
     0 | D:1      | qw the Deep Elf Hunter began the quest for the Orb.
     0 | D:1      | Reached XP level 1. HP: 12/12 MP: 3/3
     0 | D:1      | 0 ||| qw: Version: 0.3-a-9-g12657ce
     0 | D:1      | 0 ||| qw: Game counter: 3200
     0 | D:1      | 0 ||| qw: Always use a shield: true
     0 | D:1      | 0 ||| qw: God list: Okawaru
     0 | D:1      | 0 ||| qw: Allow faded altars: false
     0 | D:1      | 0 ||| qw: Do Orc after D:15 true
     0 | D:1      | 0 ||| qw: Do second Lair branch before Depths: true
     0 | D:1      | 0 ||| qw: Lair rune preference: random
     0 | D:1      | 0 ||| qw: Plans: Normal
     0 | D:1      | 0 ||| PLANNING D:1-11
   177 | D:1      | Reached skill level 6 in Ranged Weapons
   177 | D:1      | Reached XP level 2. HP: 16/16 MP: 4/4
   334 | D:1      | Found a faded altar of an unknown god.
   540 | D:1      | 540 ||| READING scroll labelled JEUSHR NIJ VOATY.
   541 | D:1      | 541 ||| READING scroll labelled LASIOD TONO.
   542 | D:1      | 542 ||| DROPPING scroll of butterflies.
   619 | D:2      | Reached XP level 3. HP: 18/20 MP: 5/5
   800 | D:2      | Reached skill level 7 in Ranged Weapons
   819 | D:2      | You fall into a shaft and drop 1 floor!
   888 | D:3      | 888 ||| UPGRADING to +0 scale mail.
   902 | D:3      | 902 ||| UPGRADING to +0 scale mail.
   907 | D:3      | 907 ||| DROPPING +0 leather armour.
   908 | D:3      | 908 ||| READING scroll labelled FEIDYL JIEZ.
   910 | D:3      | 910 ||| Stepping ~*~*~tactically~*~*~ (cloud).
   912 | D:3      | HP: 4/20 [poisoned by you (poison gas)]
   914 | D:3      | HP: 1/20 [poisoned by you (poison gas)]
   915 | D:3      | Succumbed to their own poison gas

Levels and vault maps discovered:
D:1:      dpeg_arrival_tiny_a, layout_loops_ring,
          ebering_ecumenical_altar_sacrificial
D:2:      cheibrodos_helix_gallery, layout_loops_ring
D:3:      layout_loops_ring, chequers_serial_rivers_micro_c

Skill      XL: |  1  2  3 |
---------------+----------+-----
Ranged Weapons | 6 7 |  7.0
Fighting       | |  1.5
Dodging        | |  2.4
Stealth        | |  1.2

Action                     || total
---------------------------++-------
   Fire: Shortbow          ||    66
    Use: Scroll            ||     3
 Armour: Leather armour    ||     3
  Dodge: Dodged            ||     8

Table legend:
 A = Non-vault XP
 B = Vault XP
 C = Vault XP percentage of total XP
 D = Non-vault monster count
 E = Vault monster count
 F = Vault count percentage of total count
                 A         B        C        D         E       F
            +---------+---------+-------+---------+---------+-------
      Total |      66 |       4 |   5.7 |      27 |       2 |   6.9
            +---------+---------+-------+---------+---------+-------
        D:1 |      28 |       0 |   0.0 |      19 |       0 |   0.0
        D:2 |      34 |       4 |  10.5 |       6 |       2 |  25.0
        D:3 |       4 |       0 |   0.0 |       2 |       0 |   0.0
            +---------+---------+-------+---------+---------+-------
